cohdb
Replays
Latest Replays
All Replays
Popular Replays
Top Player Replays
Match Explorer
How It Works
Community
CoH3 Stats
Reddit
Sign in to upload your games and track your stats! →
Sign in with Steam
Match 39826727
Unlisted
Match 39826727
Overview
Messages
Build Orders
End
Construct Section Command Post
Selects Air and Sea Battlegroup
Dingo Light Scout Car
Infantry Section
Dingo Light Scout Car
Selects Supply Surplus
Construct Resource Cache
Construct Resource Cache
Infantry Section
Construct Platoon Command Post
Humber Armored Car
CMP 15cwt Truck
Selects UNKNOWN (223837)
Selects Commando Section Paradrop
Commando Section Paradrop
Kakash
Svenious Jakobus (GB)
DawarudoDestroya
100% oj addict
Kanade
zaro
Balboa
Меткић'94
0
0
Comments
sign in to comment!
No comments posted yet!